 Dungeon Crawl Stone Soup version 0.27-a0-1384-g1422d76b99 (webtiles) character file.

Game seed: 15341877062015445688

2567 LOWERYAK the Fighter (level 9, -1/97 HPs)
             Began as an Ogre Transmuter on June 30, 2021.
             Was a Follower of Cheibriados.
             Killed from afar by a white imp (8 damage)
             ... with a puff of frost
             ... on level 7 of the Dungeon.
             The game lasted 00:14:27 (10024 turns).

LOWERYAK the Fighter (Ogre Transmuter)             Turns: 10024, Time: 00:14:27

Health: -1/97      AC:  4    Str: 19    XL:     9   Next: 57%
Magic:  15/15      EV: 15    Int: 20    God:    Cheibriados [*.....]
Gold:   363        SH:  0    Dex: 12    Spells: 6/16 levels left

rFire    . . .     SeeInvis .     - Unarmed
rCold    . . .     Faith    .   (no shield)
rNeg     . . .     Spirit   .   a - +0 robe
rPois    .         Reflect  .   (helmet restricted)
rElec    .         Harm     .   c - +0 cloak
rCorr    .         Rampage  .   (gloves unavailable)
Will     .....                  (boots unavailable)
Stlth    ++........             (no amulet)
HPRegen  0.26/turn              w - +4 ring of evasion
MPRegen  0.14/turn              (no ring)

@: very slow
A: large, unfitting armour, tough skin 1
a: Renounce Religion, Bend Time


You were on level 7 of the Dungeon.
You worshipped Cheibriados.
Cheibriados was aware of your devotion.
You visited 2 branches of the dungeon, and saw 8 of its levels.
You also visited: Sewer.

You collected 363 gold pieces.

Inventory:

Missiles
 v - 6 curare-tipped darts (quivered)
Armour
 a - a +0 robe (worn)
 c - a +0 cloak (worn)
Magical Staves
 i - a staff of earth
 l - a staff of cold
Jewellery
 e - a ring of ice
 w - a +4 ring of evasion (left hand)
 z - a ring of see invisible
Wands
 d - a wand of polymorph (10)
 j - a wand of digging (5)
 t - a wand of flame (20)
Scrolls
 f - a scroll of enchant armour
 q - a scroll of blinking {unknown}
 r - a scroll of vulnerability {unknown}
 s - a scroll of fog {unknown}
 u - a scroll of amnesia {unknown}
 y - a scroll of fear {unknown}
Potions
 b - 2 potions of flight
 k - 2 potions of resistance
 m - 2 potions of degeneration {unknown}
 n - 3 potions of lignification {unknown}
 o - a potion of haste {unknown}
 p - 2 potions of curing
 x - 2 potions of magic {unknown}


   Skills:
 + Level 8.6 Fighting
 + Level 5.0 Dodging
 + Level 3.0 Stealth
 * Level 7.3 Unarmed Combat
 - Level 4.0 Spellcasting
 - Level 2.6 Transmutations
 - Level 2.0 Poison Magic


You had 6 spell levels left.
You knew the following spells:

 Your Spells              Type           Power      Damage    Failure   Level
a - Beastly Appendage     Tmut           28%        N/A       4%          1
b - Wereblood             Tmut           14%        N/A       6%          2
c - Spider Form           Tmut/Pois      6%         N/A       14%         3
d - Ice Form              Ice/Tmut       9%         N/A       58%         4

Your spell library contained the following spells:

 Spells                   Type           Power      Damage    Failure   Level
 Animate Skeleton         Necr           8%         N/A       13%         1
 Pain                     Necr           16%        1d4       13%         1
 Vampiric Draining        Necr           2%         2d6       36%         3
 Animate Dead             Necr           2%         N/A       77%         4
 Agony                    Necr           4%         N/A       98%         5
 Bolt of Magma            Conj/Fire/Erth 2%         4d4       98%         5
 Iskenderun's Battlesphe  Conj           4%         2d6       98%         5
 Iron Shot                Conj/Erth      2%         9d2       100%        6
 Orb of Destruction       Conj           2%         9d1       100%        7
 Spellforged Servitor     Conj/Summ      2%         N/A       100%        7


Dungeon Overview and Level Annotations

Branches:
Dungeon (7/15)             Temple (1/1) D:5           Sewer (visited)

Altars:
Ashenzari
Cheibriados
Elyvilon
Fedhas
Gozag
Hepliaklqana
Makhleb
Okawaru
Qazlal
Sif Muna
Trog
Uskayaw
Vehumet
Xom
Yredelemnul
Zin
The Shining One


Innate Abilities, Weirdness & Mutations

You are too large for most types of armour.
You have tough skin. (AC +1)


Message History

The howler monkey looks as sick as possible!
The howler monkey is almost dead.
The howler monkey hoots and howls with incredible vigour!
Something shouts, "Give up, thou weedy weevil-witted minnow reeky!"
You hear a shout!
You hear two shouts!
You bite the howler monkey!
You kill the howler monkey!
Cheibriados appreciates the change of pace.
Unknown command.
A white imp comes into view.
A boulder beetle comes into view.
You see here a +0 short sword.
Your transformation is almost over.
The boulder beetle curls into a ball and begins rolling!
The boulder beetle hits you!!!
* * * LOW HITPOINT WARNING * * *
The boulder beetle stops rolling and uncurls.
You hear a shout!
Unknown command.
Okay, then.
You feel much better. The boulder beetle bites you!!
* * * LOW HITPOINT WARNING * * *
Unknown command.
Okay, then.
Okay, then.
You bite the boulder beetle!
The boulder beetle is lightly wounded.
An ufetubus comes into view.
The boulder beetle closely misses you.
Unknown command.
Unknown command.
You hit the boulder beetle but do no damage.
The boulder beetle is poisoned.
The boulder beetle is lightly wounded.
The boulder beetle barely misses you.
A two-headed ogre comes into view. It is wielding two +0 giant clubs.
Your transformation has ended.
Your +0 cloak unmelds from your body.
Your +0 robe unmelds from your body.
The white imp gestures at you. The puff of frost hits you!
You die...

.######### #.#.#.......###
.........## ####.#.##..##.....
.#######..######....#.##..##.....
.#..................#.....##.....
.#.+#########)#'#...###..........
##.#.......))##.#................
...######.##.##.##..#............
#..##.....#.##.###..###.....#####
....#....##. ##.@##.###..##...
#.#.##...#.# #B#5#..##.^#...##
#.#..#.(##. #.#..##.##......+
..##.##.#.# ##.##.#..#......#
#.##..###. #.#°.##.#.......
..##..## 5#.#.##.....#+##
..##...# .#..#5)##........
..##.#.# ######'#○#.#..#.##
.....#.## #.##B#....#.###.


You could see a boulder beetle (very poisoned) and a white imp.

Vanquished Creatures
  A deep elf pyromancer (D:7)
  Eustachio (D:4)
  A water moccasin (Sewer)
  A hornet zombie (D:6)
  An orc warrior (D:6)
  A sky beast (D:6)
  2 ogres
  2 ice beasts
  Blork the orc (D:4)
  A bullfrog (D:5)
  3 scorpions
  A water moccasin zombie (D:4)
  A wyvern zombie (D:5)
  A wight (D:7)
  2 howler monkeys
  A centaur zombie (D:4)
  2 hounds
  5 jellies
  3 centaur skeletons
  2 iguanas
  3 orc wizards
  4 hound zombies
  A hound skeleton (D:4)
  2 howler monkey skeletons (D:6)
  2 river rats (D:4)
  5 adders
  3 shadow imps
  2 white imps
  An adder zombie (D:4)
  2 adder skeletons
  4 worms
  5 dart slugs
  3 orcs
  6 ball pythons
  7 endoplasms
  2 giant cockroaches
  4 goblins
  4 hobgoblins
  11 jackals
  5 quokkas
  4 bats
  4 frilled lizards
  9 kobolds
  11 rats
137 creatures vanquished.

Vanquished Creatures (others)
  5 plants (D:2)
  A withered plant (D:4)
6 creatures vanquished.

Grand Total: 143 creatures vanquished

Notes
Turn   | Place    | Note
-------+----------+-------------------------------------------
     0 | D:1      | LOWERYAK the Ogre Transmuter began the quest for the Orb.
     0 | D:1      | Reached XP level 1. HP: 19/19 MP: 3/3
   181 | D:1      | Reached skill level 2 in Fighting
   568 | D:1      | Found a faded altar of an unknown god.
   568 | D:1      | Noticed a great orb of eyes
   576 | D:1      | Reached XP level 2. HP: 29/29 MP: 3/5
   595 | D:1      | Noticed an eye of devastation
   606 | D:1      | Reached skill level 3 in Fighting
   606 | D:1      | Noticed a shining eye
   606 | D:1      | Noticed a floating eye
   847 | D:1      | Learned a level 2 spell: Wereblood
  1551 | D:2      | Reached skill level 4 in Fighting
  1551 | D:2      | Reached XP level 3. HP: 37/39 MP: 4/6
  1555 | D:2      | Learned a level 3 spell: Spider Form
  2113 | D:2      | Reached XP level 4. HP: 49/49 MP: 3/7
  2466 | D:2      | Reached skill level 1 in Poison Magic
  2647 | D:2      | Found an iron altar of Okawaru.
  3629 | D:4      | Reached XP level 5. HP: 14/55 MP: 1/9
  4237 | D:4      | Found a glowing drain.
  4245 | Sewer    | Entered a sewer
  4336 | Sewer    | Noticed a water moccasin
  4351 | Sewer    | Killed a water moccasin
  4352 | Sewer    | Reached skill level 5 in Fighting
  4352 | Sewer    | Reached XP level 6. HP: 34/66 MP: 4/12
  4979 | D:4      | Noticed an ice beast
  4990 | D:4      | Killed an ice beast
  4991 | D:4      | Reached XP level 7. HP: 74/74 MP: 10/13
  5090 | D:4      | Noticed Blork the orc
  5099 | D:4      | Killed Blork the orc
  5196 | D:4      | Reached skill level 6 in Fighting
  5247 | D:4      | Found an opulent altar of Gozag.
  5279 | D:4      | Noticed Eustachio
  5291 | D:4      | Killed Eustachio
  6072 | D:5      | Entered Level 5 of the Dungeon
  6379 | D:5      | Found a staircase to the Ecumenical Temple.
  6563 | Temple   | Entered the Ecumenical Temple
  6739 | Temple   | Became a worshipper of Cheibriados the Contemplative
  6902 | D:5      | Reached skill level 5 in Unarmed Combat
  6902 | D:5      | Reached XP level 8. HP: 19/84 MP: 6/14
  7403 | D:5      | Reached skill level 7 in Fighting
  7620 | D:5      | Reached skill level 1 in Stealth
  7806 | D:5      | Learned a level 4 spell: Ice Form
  8371 | D:6      | Reached * piety under Cheibriados
  8632 | D:6      | Reached XP level 9. HP: 38/96 MP: 10/15
  9172 | D:6      | Reached skill level 8 in Fighting
  9994 | D:7      | Noticed a deep elf pyromancer
 10009 | D:7      | Killed a deep elf pyromancer
 10010 | D:7      | Reached skill level 5 in Dodging
 10014 | D:7      | Noticed a boulder beetle
 10024 | D:7      | Noticed a two-headed ogre
 10024 | D:7      | Killed from afar by a white imp

Illustrated notes

Levels and vault maps discovered:
D:1:      dpeg_arrival_snail, layout_loops_corners,
          hellmonk_ecumenical_altar_watching_god, grunt_decor_cap,
          minmay_shallow_snake_nest
D:2:      layout_basic, serial_forest, infiniplex_forest_3_way,
          infiniplex_forest_lined_corner, infiniplex_forest_clump_double,
          infiniplex_forest_clump_small, infiniplex_forest_clump_tiny,
          basic_altar, minmay_misc_feat_tiny
D:3:      layout_loops_ring
D:4:      layout_basic, old_standard_altar, serial_undead, serial_undead_a,
          serial_undead_e, serial_undead_e, serial_undead_f,
          lightli_sewer_entry_pipes, uniq_eustachio, uniq_blork_the_orc
D:5:      layout_basic, minmay_temple_entry_poolview
D:6:      layout_cave_pools, dk_noncrumbling_3, chequers_serial_rivers_marsh,
          minmay_misc_feat_rugged, serial_bayou_pond_b, kennysheep_dice
D:7:      minmay_the_grid_triangle_9x9_rhombus_thin
          [minmay_the_grid_triangle_9x9_stretched_checkered,
          minmay_the_grid_triangle_9x9_prize_special,
          minmay_the_grid_triangle_9x9_cache,
          minmay_the_grid_triangle_9x9_corruption], layout_basic,
          grunt_dithmenos_shadows
Temple:   regret_index_temple_sphere_string

Skill      XL: |  1  2  3  4  5  6  7  8  9 |
---------------+----------------------------+-----
Fighting       | 2 4 5 6 7 8 |  8.6
Transmutations | 2 |  2.6
Poison Magic   | 1 2 |  2.0
Spellcasting   | 4 |  4.0
Dodging        | 2 3 4 5 |  5.0
Unarmed Combat | 3 5 6 7 |  7.3
Stealth        | 2 3 |  3.0

Action                   |  1- 3 |  4- 6 |  7- 9 || total
-------------------------+-------+-------+-------++-------
Melee: Unarmed           |   130 |   208 |   268 ||   606
       Headbutt          |    11 |    13 |       ||    24
       Kick              |    21 |    20 |       ||    41
       Punch             |     2 |     3 |     1 ||     6
 Cast: Beastly Appendage |    22 |    21 |       ||    43
       Wereblood         |     1 |     8 |    11 ||    20
       Spider Form       |       |     6 |    32 ||    38
 Abil: End Transformatio |       |     1 |       ||     1
  Use: Scroll            |     2 |     2 |     6 ||    10
       Potion            |       |     2 |     2 ||     4
 Stab: Sleeping          |     1 |       |     3 ||     4
       Invisible         |       |       |     2 ||     2
       Distracted        |       |       |     2 ||     2
Armor: Robe              |    43 |    47 |     8 ||    98
       Skin              |       |     4 |    20 ||    24
Dodge: Dodged            |    59 |   113 |   203 ||   375

Table legend: (Time is in decaauts)
 A = Elapsed time spent in this place.
 B = Non-inter-level travel time spent in this place.
 C = Inter-level travel time spent in this place.
 D = Time resting spent in this place.
 E = Time spent auto-exploring this place.
 F = Levels seen in this place.
 G = Mean time per level.
                   A        B        C        D        E       F      G
               +--------+--------+--------+--------+--------+-----+--------+
         Total |  10552 |  10234 |    318 |   2830 |   5620 |   9 | 1172.4 |
       Dungeon |   9892 |   9636 |    256 |   2545 |   5360 |   7 | 1413.1 |
        Temple |    208 |    147 |     61 |      0 |    144 |   1 |  208.0 |
         Sewer |    452 |    452 |      0 |    285 |    116 |   1 |  452.0 |
               +--------+--------+--------+--------+--------+-----+--------+

Top non-repeatable levels by time:
     D:5: 2126 daAuts
     D:4: 1630 daAuts
     D:1: 1531 daAuts
     D:2: 1285 daAuts
     D:6: 1266 daAuts
     D:3: 1228 daAuts
     D:7: 823 daAuts
   Sewer: 452 daAuts
  Temple: 208 daAuts
